 Dungeon Crawl Stone Soup version 0.29-a0-1033-gb6c65ffae6 (webtiles) character file.

Game seed: 14112888132167361454

371 spaghetti the Trooper (level 6, -3/45 HPs)
             Began as a Demonspawn Berserker on Aug 15, 2022.
             Was a Believer of Trog.
             Slain by an iguana (11 damage)
             ... on level 4 of the Dungeon.
             The game lasted 00:06:08 (3942 turns).

spaghetti the Trooper (Demonspawn Berserker)        Turns: 3942, Time: 00:06:08

Health: -3/45      AC:  5    Str: 17    XL:     6   Next: 42%
Magic:  6/6        EV: 13    Int:  8    God:    Trog [**....]
Gold:   174        SH:  0    Dex: 19    Spells: 5/5 levels left

rFire   . . .      SeeInvis .   m - +1 dagger (venom) {short}
rCold   + . .      Faith    .   (no shield)
rNeg    . . .      Spirit   .   a - +0 animal skin
rPois   .          Reflect  .   (no helmet)
rElec   .          Harm     .   (no cloak)
rCorr   .          Rampage  .   (no gloves)
Will    .....                   (no boots)
Stlth   ++........              (no amulet)
HPRegen 0.15/turn               l - +6 ring of dexterity
MPRegen 0.10/turn               (no ring)

@: on berserk cooldown, slowed, very slow
A: slimy green scales 2, cold resistance 1, frail 1, weak 1, sturdy frame 1
a: Renounce Religion, Berserk, Trog's Hand


You were on level 4 of the Dungeon.
You worshipped Trog.
Trog was pleased with you.
You visited 1 branch of the dungeon, and saw 4 of its levels.

You collected 174 gold pieces.


Innate Abilities, Weirdness & Mutations

You are mostly covered in slimy green scales. (AC +3)
Your flesh is cold resistant. (rC+)
You are frail. (-10% HP)
You are weak. (Str -2)
Your movements are slightly less encumbered by armour. (ER -2)


   Skills:
 + Level 4.8 Fighting
 + Level 3.5 Armour
 + Level 3.2 Dodging
 - Level 3.6 Unarmed Combat


You had 5 spell levels left.
You didn't know any spells.
Your spell library contained the following spells:

 Spells                   Type           Power      Damage    Failure   Level
 Necrotise                Necr           0%         1d4       41%         1
 Vampiric Draining        Necr           0%         2d6       78%         3
 Agony                    Necr           0%         N/A       100%        5

Inventory:

Hand Weapons
 b - a +0 hand axe {axe}
   (You found it on level 1 of the Dungeon)
 c - a +0 club {mace}
   (You took it off a kobold on level 1 of the Dungeon)
 m - a +1 dagger of venom (weapon) {short}
   (You took it off a kobold on level 2 of the Dungeon)
Missiles
 d - 47 stones (quivered) {throwing}
 f - 8 poisoned darts {throwing}
 g - 2 boomerangs {throwing}
Armour
 a - a +0 animal skin (worn)
Jewellery
 l - a +6 ring of dexterity (left hand)
   (You found it on level 1 of the Dungeon)
Wands
 o - a wand of mindburst (13)
   (You found it on level 3 of the Dungeon)
Scrolls
 h - 4 scrolls of identify {unknown}
 i - 2 scrolls of enchant armour {unknown}
 j - a scroll of teleportation {unknown}
 k - 2 scrolls of enchant weapon {unknown}
Potions
 e - 2 potions of cancellation

Dungeon Overview and Level Annotations

Branches:
Dungeon (4/15) Zot: 20036
 Temple: D:4-7

Altars:
Trog

Annotations:
D:3 1 runed translucent door, lesbiats's ghost, amateur DrCj

...........
............
###...........
.............
#............
#..........#
#...#......# # #
#@o........## ... #.
#l..........#.....
#..#oo.......<<.....≈
#.........##.###..≈≈≈
#.........##.# .≈≈≈≈
#.........##.# ≈≈≈≈
##............ ≈≈≈
#........#.## ≈≈≈
#....?.......


You could see an iguana (poisoned) and 3 orcs.


Message History

You barely miss the orc. You puncture the endoplasm!
You kill the endoplasm!
Trog accepts your kill. The orc hits you with a +0 hand axe.
The orc wizard hits you with a +0 dagger.
The orc hits you but does no damage. 😕 HP[-8]
You take 8 damage, and now have 52/67 hp.
The orc wizard barely misses you.
Unknown command.
You feel a strong urge to attack something.
The ball python barely misses you. x2
The ball python bites you. The ball python closely misses you.
The orc wizard hits you with a +0 dagger. 😮 HP[-3]
You take 3 damage, and now have 49/67 hp.
You hit the ball python.
The ball python is poisoned.
The ball python bites you but does no damage.
The ball python misses you. The orc completely misses you.
The orc wizard mumbles some strange words.
The orc wizard flickers and vanishes!
Deactivating autopickup; reactivate with Ctrl-A.
You kill the ball python!
Trog accepts your kill.
Unknown command.
Unknown command.
You feel a strong urge to attack something.
You are no longer berserk.
You are exhausted.
You feel yourself slow down.
You hear some strange, mumbled words.
Something tries to affect you, but you resist.
The orc barely misses you. 😮 HP[-16]
You now have 45 max hp (-22).
You feel much better.
You hear some strange, mumbled words.
A puff of flame appears from out of thin air!
The puff of flame hits you. The orc hits you with a +0 hand axe.
The orc barely misses you. The orc misses you. 😕 HP[+7]
You regained 7 hp, and now have 40/45 hp.
Unknown command.
Unknown command.
You are too confused!
You hit the orc.
The orc is poisoned.
You feel less confused. The iguana bites you.
Something hits you but does no damage. The orc misses you.
The orc closely misses you. x2
The iguana barely misses you. The orc misses you.
The orc closely misses you. x2
You hear some strange, mumbled words.
You are confused. 😕 HP[-2]
You take 2 damage, and now have 38/45 hp.
Unknown command.
Unknown command.
The orc attacks as you move away! The orc hits you but does no damage.
Unknown command.
Unknown command.
Unknown command.
The orc barely misses you. x2; The iguana misses you. 😕 HP[+1] Unknown command.
Unknown command.
You hit the iguana but do no damage.
The iguana is poisoned.
The iguana misses you.
The orc hits you with a +0 hand axe. x2 😕 HP[-5]
You take 5 damage, and now have 34/45 hp.
Unknown command.
Unknown command.
You hit the orc but do no damage. The iguana misses you.
The orc hits you with a +0 hand axe. The orc barely misses you.
The iguana bites you. The orc hits you with a +0 hand axe.
* * * LOW HITPOINT WARNING * * *
You hear some strange, mumbled words.
A puff of flame appears from out of thin air!
The puff of flame hits you!
* * * LOW HITPOINT WARNING * * *
The orc barely misses you. 😱 HP[-25]
You take 25 damage, and now have 9/45 hp.
MASSIVE DAMAGE!! (PAUSE) Unknown command.
You bump into the rock wall.
You feel less confused. The iguana bites you.
* * * LOW HITPOINT WARNING * * *
Something hits you but does no damage. The orc hits you but does no damage.
The orc closely misses you. 😱 HP[-2]
You take 2 damage, and now have 7/45 hp.
Unknown command.
Unknown command.
Okay, then.
Okay, then.
Unknown command.
The iguana attacks as you move away! The iguana closely misses you.
The orc barely misses you. The iguana bites you!
You die...

Skill      XL: |  1  2  3  4 |
---------------+-------------+-----
Unarmed Combat | 3 |  3.6
Armour         | 2 3 |  3.5
Dodging        | 2 3 |  3.2
Fighting       | 4 |  4.8

Action                   |  1- 3 |  4- 6 || total
-------------------------+-------+-------++-------
Melee: Unarmed           |   115 |    47 ||   162
       Punch             |     3 |     4 ||     7
       Dagger            |       |    89 ||    89
Invok: Berserk           |     3 |     3 ||     6
       Trog's Hand       |       |     1 ||     1
  Use: Potion            |       |     5 ||     5
 Stab: Sleeping          |     2 |     4 ||     6
Armor: Animal skin       |    48 |    41 ||    89
Dodge: Dodged            |    74 |   108 ||   182

Levels and vault maps discovered:
D:1:      saegor_arrival_under_anarchy, layout_loops_ring,
          basic_ecumenical_altar, minmay_misc_feat_rows,
          chequers_serial_rivers_micro_b, minmay_misc_feat_roman,
          minmay_heptomino_w4
D:2:      layout_loops_ring
D:3:      layout_loops_corners, mainiacjoe_overflow_brackets, tso_metal_star,
          ebering_ghost_sewer_d, minmay_rat_hole, uniq_grinder
D:4:      layout_basic, pdpol_temple_overflow_zin_treasury_gozag_greed,
          nicolae_qazlal_scattered_showers, mainiacjoe_overflow_chevrons,
          temple_pool_b

Notes
Turn   | Place    | Note
-------+----------+-------------------------------------------
     0 | D:1      | spaghetti the Demonspawn Berserker began the quest for the
                  | Orb.
     0 | D:1      | Reached XP level 1. HP: 18/18 MP: 1/1
     0 | D:1      | magus.rc [v1.9.6]
     5 | D:1      | You pick up a book of Necromancy {forbidden} and begin
                  | reading...
     5 | D:1      | You add the spells Necrotise, Vampiric Draining and Agony
                  | to your library.
   158 | D:1      | Found a faded altar of an unknown god.
   269 | D:1      | HP: 3/18 [giant cockroach (2)]
   272 | D:1      | Reached skill level 3 in Unarmed Combat
   565 | D:1      | Gained mutation: You are partially covered in slimy green
                  | scales. (AC +2) [demonic ancestry]
   565 | D:1      | Reached XP level 2. HP: 24/24 MP: 2/2
   603 | D:1      | Reached skill level 2 in Armour
   613 | D:1      | HP: 6/24 [endoplasm (1)]
   844 | D:1      | Reached XP level 3. HP: 27/29 MP: 3/3
  1541 | D:2      | Reached ** piety under Trog
  1644 | D:2      | Reached skill level 2 in Dodging
  1644 | D:2      | Gained mutation: You are mostly covered in slimy green
                  | scales. (AC +3) [demonic ancestry]
  1644 | D:2      | Reached XP level 4. HP: 35/37 MP: 4/4
  1657 | D:2      | Gained mutation: You are frail. (-10% HP) [potion of
                  | mutation]
  1657 | D:2      | Gained mutation: You are weak. (Str -2) [potion of
                  | mutation]
  1657 | D:2      | Gained mutation: Your flesh is cold resistant. (rC+)
                  | [potion of mutation]
  1657 | D:2      | Gained mutation: Your movements are slightly less
                  | encumbered by armour. (ER -2) [potion of mutation]
  1657 | D:2      | HP: 3/33 [orc/+0 morningstar (11)]
  3069 | D:3      | Noticed Grinder
  3081 | D:3      | Found a bloodstained altar of Trog.
  3105 | D:3      | Killed Grinder
  3106 | D:3      | Reached skill level 4 in Fighting
  3106 | D:3      | Reached skill level 3 in Armour
  3106 | D:3      | Reached skill level 3 in Dodging
  3106 | D:3      | Reached XP level 5. HP: 38/38 MP: 5/5
  3106 | D:3      | Reached XP level 6. HP: 44/44 MP: 6/6
  3595 | D:3      | Found a runed translucent door.
  3601 | D:3      | Noticed lesbiats's ghost (amateur DrCj)
  3940 | D:4      | HP: 9/45 [something/puff of flame (11)]
  3942 | D:4      | Slain by an iguana

Vanquished Creatures
  Grinder (D:3)
  A jelly (D:3)
  An orc priest (D:2)
  An adder (D:3)
  4 dart slugs
  A worm (D:2)
  5 orcs
  4 bats (D:1)
  7 endoplasms
  3 giant cockroaches
  7 goblins
  8 hobgoblins
  3 jackals (D:1)
  4 quokkas
  8 ball pythons
  3 frilled lizards
  6 kobolds
  24 rats
91 creatures vanquished.

Table legend:
 A = Non-vault XP
 B = Vault XP
 C = Vault XP percentage of total XP
 D = Non-vault monster count
 E = Vault monster count
 F = Vault count percentage of total count
                 A         B        C        D         E       F
            +---------+---------+-------+---------+---------+-------
      Total |     211 |     320 |  60.3 |      63 |      28 |  30.8
            +---------+---------+-------+---------+---------+-------
        D:1 |      48 |      14 |  22.6 |      27 |       8 |  22.9
        D:2 |      88 |       0 |   0.0 |      24 |       0 |   0.0
        D:3 |      72 |     306 |  81.0 |      10 |      20 |  66.7
        D:4 |       3 |       0 |   0.0 |       2 |       0 |   0.0
            +---------+---------+-------+---------+---------+-------

Illustrated notes

Table legend:
 A = Kills in this place as a percentage of kills in entire the game.
 B = Kills by you in this place as a percentage of kills by you in the entire game.
 C = Kills by friends in this place as a percentage of kills by friends in the entire game.
 D = Other kills in this place as a percentage of other kills in the entire game.
 E = Experience gained in this place as a percentage of experience gained in the entire game.
 F = Experience gained in this place divided by the number of levels of this place that you have seen.
                   A       B       C       D       E      F
               +-------+-------+-------+-------+-------+----------------------
         Total | 100.0 | 100.0 |   N/A |   N/A | 100.0 | 132.8
       Dungeon | 100.0 | 100.0 |   N/A |   N/A | 100.0 | 132.8
               +-------+-------+-------+-------+-------+----------------------

Table legend: (Time is in decaauts)
 A = Elapsed time spent in this place.
 B = Non-inter-level travel time spent in this place.
 C = Inter-level travel time spent in this place.
 D = Time resting spent in this place.
 E = Time spent auto-exploring this place.
 F = Levels seen in this place.
 G = Mean time per level.
                   A        B        C        D        E       F      G
               +--------+--------+--------+--------+--------+-----+--------+
         Total |   3961 |   3851 |    110 |     16 |   3313 |   4 |  990.2 |
       Dungeon |   3961 |   3851 |    110 |     16 |   3313 |   4 |  990.2 |
               +--------+--------+--------+--------+--------+-----+--------+

Top non-repeatable levels by time:
     D:1: 1479 daAuts
     D:2: 1354 daAuts
     D:3: 1101 daAuts
     D:4: 26 daAuts
